 Dungeon Crawl Stone Soup version 0.31-a0-216-g22e908daa7 (webtiles) character file.

Game seed: 18218416280400064942

288 qw the Shooter (level 6, -5/37 HPs)
             Began as a Gargoyle Hexslinger on July 2, 2023.
             Killed from afar by Natasha (7 damage)
             ... with a magic dart
             ... on level 2 of the Dungeon.
             The game lasted 00:00:46 (989 turns).

qw the Shooter (Gargoyle Hexslinger)                 Turns: 989, Time: 00:00:46

Health: -5/37      AC:  9    Str: 12    XL:     6   Next: 31%
Magic:  7/7        EV: 10    Int: 13    God:
Gold:   57         SH:  0    Dex: 14    Spells: 6/7 levels left

rFire   . . .        Y - +1 sling
rCold   . . .        (no shield)
rNeg    + . .        g - +0 ring mail
rPois   inf          (no helmet)
rElec   +            (no cloak)
rCorr   .            (no gloves)
SInv    .            (no boots)
Will    .....        (no amulet)
Stlth   +            (no ring)
HPRegen 0.26/turn    (no ring)
MPRegen 0.10/turn

%: no passive effects
@: slowed, very slow
A: sickness immunity, AC +4, negative energy resistance 1, electricity
resistance, torment resistance 1, petrification resistance
a: no special abilities


You were on level 2 of the Dungeon.
You visited 1 branch of the dungeon, and saw 2 of its levels.

You collected 57 gold pieces.


Innate Abilities, Weirdness & Mutations

You are immune to sickness and miasma.
Your stone body is resilient. (AC +4)
You are immune to poison.
You resist negative energy. (rN+)
You are resistant to electric shocks. (rElec)
You are resistant to unholy torment.
You are immune to petrification.


   Skills:
 - Level 3.1 Fighting
 + Level 5.6 Ranged Weapons
 - Level 1.2 Armour
 - Level 1.5 Dodging
 - Level 1.0 Spellcasting
 - Level 2.6 Hexes


You had 6 spell levels left.
You knew the following spells:

 Your Spells              Type           Power      Damage    Failure   Level
a - Slow                  Hex            28%        N/A       22%         1

Your spell library contained the following spells:

 Spells                   Type           Power      Damage    Failure   Level
 Inner Flame              Hex/Fire       4%         N/A       73%         3
 Portal Projectile        Hex/Tloc       8%         N/A       73%         3
 Cause Fear               Hex            3%         N/A       91%         4

Inventory:

Hand Weapons
 Y - a +1 sling (weapon)
Armour
 g - a +0 ring mail (worn)
Scrolls
 a - a scroll of enchant armour
 b - a scroll of identify
 e - a scroll of revelation {unknown}
Potions
 c - a potion of lignification {unknown}
 d - a potion of mutation {unknown}
 f - 2 potions of curing
 i - a potion of cancellation {unknown}

Dungeon Overview and Level Annotations

Branches:
Dungeon (2/15)

Altars:
Cheibriados

Shops:
D:1 ?

Annotations:
D:2 Natasha


Message History

The cerulean imp hits you from afar with a +1 spear.
The cerulean imp barely misses you.
You shoot a sling bullet.
The sling bullet misses the cerulean imp.
The cerulean imp closely misses you.
The cerulean imp hits you but does no damage. x2
You shoot a sling bullet. The sling bullet hits the cerulean imp.
You kill the cerulean imp!
The cerulean imp disappears in a puff of smoke!
The cerulean imp hits you but does no damage.
The cerulean imp hits you from afar with a +2 spear.
You shoot a sling bullet.
The sling bullet closely misses Natasha.
Natasha casts a spell.
The cerulean imp hits you from afar with a +1 spear.
The cerulean imp hits you but does no damage.
Natasha drinks a potion.
Natasha seems to grow stronger.
The cerulean imp hits you from afar with a +1 spear.
You shoot a sling bullet. The sling bullet hits Natasha.
You kill Natasha!
Natasha screams in fury as she dies!
The cerulean imp disappears in a puff of smoke! x3
Your Fighting skill increases to level 3!
You start resting.
Natasha, Servant of Life and Death comes into view.
She is carrying a wand of flame (14).
Natasha casts a spell at you.
You feel yourself slow down.
You shoot a sling bullet. The sling bullet barely misses Natasha.
Natasha zaps a wand.
The puff of flame misses you.
You shoot a sling bullet. The sling bullet hits Natasha!
Natasha is heavily wounded.
Natasha casts a spell at you. The magic dart hits you!
Natasha stares at you and mumbles some strange words.
The magic dart hits you.
You shoot a sling bullet. The sling bullet hits Natasha.
Natasha is almost dead.
Natasha casts a spell at you. The magic dart hits you!
You die...

.......#......##...#.### ##......
.......#<.....#..###...###.......
............h...## ###..#........
...............## ##.#........
##.....##......## #.#........
##.#..##...##..# ##.#........
#...####..###.# ###...........
#....###..###.####......#......
##.........#...@#...#[#.###.....
#..###.##.........##%.#.####.###
##..###.##.........##<#....##.#
........[..........#..#.##.##.###
.....%..................##..#...#
..........##...........<###...#..
..........##............# ###.##.
..........#............######.##.
..........#............. ..##....


You could see Natasha.

Vanquished Creatures
  Sigmund (D:2)
  Natasha (twice) (D:2)
  3 adders (D:2)
  A worm (D:2)
  A dart slug (D:2)
  4 ball pythons (D:2)
  4 endoplasms
  5 giant cockroaches
  3 hobgoblins
  4 quokkas
  8 bats
  A frilled lizard (D:1)
  3 goblins (D:1)
  2 kobolds
  3 rats (D:1)
45 creatures vanquished.

Notes
Turn   | Place    | Note
-------+----------+-------------------------------------------
     0 | D:1      | qw the Gargoyle Hexslinger began the quest for the Orb.
     0 | D:1      | Reached XP level 1. HP: 12/12 MP: 2/2
     0 | D:1      | 0 ||| qw: Version: 0.3-a-39-g4513739
     0 | D:1      | 0 ||| qw: Game counter: 7875
     0 | D:1      | 0 ||| qw: Melee chars always use a shield: true
     0 | D:1      | 0 ||| qw: God list: Okawaru
     0 | D:1      | 0 ||| qw: Allow faded altars: false
     0 | D:1      | 0 ||| qw: Do Orc after clearing Dungeon:15 true
     0 | D:1      | 0 ||| qw: Do second Lair branch before Depths: true
     0 | D:1      | 0 ||| qw: Lair rune preference: random
     0 | D:1      | 0 ||| qw: Goals: Normal
     0 | D:1      | 0 ||| PLANNING D:1-11
    49 | D:1      | Reached XP level 2. HP: 8/16 MP: 3/3
   121 | D:1      | Found a faded altar of an unknown god.
   133 | D:1      | Reached skill level 3 in Ranged Weapons
   254 | D:1      | Found Inumm's Magic Scroll Shoppe.
   270 | D:1      | 270 ||| SHOPLISTING scroll of enchant weapon (90 gold, have
                  | 18).
   270 | D:1      | 270 ||| SHOPLISTING scroll of identify (24 gold, have 18).
   401 | D:1      | Reached XP level 3. HP: 19/21 MP: 4/4
   482 | D:1      | 482 ||| UPGRADING to +0 ring mail.
   492 | D:1      | 492 ||| DROPPING +0 robe.
   493 | D:1      | 493 ||| READING scroll labelled ASTIOW FIPOI.
   494 | D:1      | 494 ||| READING scroll labelled FADUP LAUXITAH.
   495 | D:1      | 495 ||| READING scroll labelled YTITUI ZAKI.
   496 | D:1      | 496 ||| READING scroll labelled GUTSYI NAMO.
   497 | D:1      | 497 ||| DRINKING 2 grey potions.
   498 | D:1      | 498 ||| DROPPING scroll of poison.
   582 | D:2      | Noticed Sigmund
   594 | D:2      | Killed Sigmund
   595 | D:2      | Reached skill level 5 in Ranged Weapons
   595 | D:2      | Reached XP level 4. HP: 21/26 MP: 5/5
   595 | D:2      | Reached XP level 5. HP: 24/30 MP: 6/6
   737 | D:2      | Reached skill level 1 in Armour
   775 | D:2      | Reached XP level 6. HP: 35/35 MP: 7/7
   778 | D:2      | Found a snail-covered altar of Cheibriados.
   855 | D:2      | Noticed Natasha
   860 | D:2      | Killed Natasha
   946 | D:2      | Noticed Natasha
   964 | D:2      | HP: 9/36 [cerulean imp/+1 spear[Natasha] (4)]
   965 | D:2      | Killed Natasha
   966 | D:2      | Reached skill level 3 in Fighting
   986 | D:2      | Noticed Natasha
   988 | D:2      | HP: 3/37 [Natasha/magic dart (9)]
   989 | D:2      | Killed from afar by Natasha

Levels and vault maps discovered:
D:1:      roderic_crop_circles_arrival_small, layout_basic,
          dreamdust_ecumenical_altar_statues, serial_shops, shop,
          minmay_tetromino_o4
D:2:      layout_rooms, basic_altar, uniq_natasha, uniq_crazy_yiuf_cottage,
          uniq_sigmund

Skill      XL: |  1  2  3  4  5  6 |
---------------+-------------------+-----
Ranged Weapons | 3 5 |  5.6
Fighting       | 2 3 |  3.1
Armour         | 1 |  1.2
Dodging        | |  1.5
Spellcasting   | |  1.0
Hexes          | |  2.6

Action                     |  1- 3 |  4- 6 || total
---------------------------+-------+-------++-------
   Fire: Sling             |   102 |   102 ||   204
    Use: Scroll            |     4 |       ||     4
         Potion            |     1 |       ||     1
 Armour: Robe              |    25 |       ||    25
         Ring mail         |     6 |    50 ||    56
  Dodge: Dodged            |    55 |    48 ||   103

Table legend:
 A = Non-vault XP
 B = Vault XP
 C = Vault XP percentage of total XP
 D = Non-vault monster count
 E = Vault monster count
 F = Vault count percentage of total count
                 A         B        C        D         E       F
            +---------+---------+-------+---------+---------+-------
      Total |     140 |     272 |  66.0 |      39 |       6 |  13.3
            +---------+---------+-------+---------+---------+-------
        D:1 |      29 |       6 |  17.1 |      18 |       4 |  18.2
        D:2 |     111 |     266 |  70.6 |      21 |       2 |   8.7
            +---------+---------+-------+---------+---------+-------
